Map: Lost and Found LE

Players

InZaNe

  • Race: Terran Terran
  • League: Grandmaster
  • Spawn Location: 1:00

Zest - Winner!

  • Race: Protoss Protoss
  • League: Master
  • Spawn Location: 7:00

Event: HomeStory Cup XVII

VOD

Have the link to the VOD?

Description

Time

  • Played on: June 28, 2018, 12:39 p.m.
  • Length: 10:39

All games in this series

Show
View Real Time Build Order
Export as new Build Order

InZaNe Terran 

Build Orders: Gas First Reaper Expand, Reaper Expand, MMM Bio, Banshee Rush 

Get SALT Encoding   

  12  0:00  SCV  
  13  0:12  SCV  
  14  0:17  Supply Depot  
  14  0:25  SCV  
  15  0:30  Refinery  
  15  0:38  SCV  
  16  0:43  Barracks  
  16  0:50  SCV  
  17  1:02  SCV  
  18  1:14  SCV  
  19  1:30  Orbital Command, Reaper  
  20  1:47  Command Center  
  20  1:55  Factory  
  20  2:00  SCV  
  21  2:06  Barracks Reactor  
  21  2:09  Supply Depot  
  21  2:12  SCV  
  22  2:18  Refinery  
  22  2:24  SCV  
  23  2:36  SCV  
  24  2:43  Starport, Marine x2  
  26  2:48  SCV  
  26  2:49  Widow Mine  
  29  2:58  Orbital Command  
  29  3:00  SCV  
  29  3:02  Marine  
  29  3:05  Marine  
  33  3:12  SCV  
  33  3:14  Cyclone  
  36  3:20  Starport Tech Lab  
  36  3:21  Marine  
  36  3:24  SCV  
  36  3:26  SCV  
  39  3:32  Marine  
  39  3:35  Supply Depot  
  39  3:37  SCV  
  39  3:38  Cloaking Field  
  40  3:41  Marine  
  40  3:43  SCV  
  42  3:48  Banshee  
  42  3:50  SCV  
  46  3:57  SCV  
  46  3:59  Supply Depot  
  46  4:02  SCV  
  48  4:05  Marine x2  
  48  4:06  Factory Tech Lab  
  48  4:09  SCV  
  51  4:14  SCV  
  52  4:21  SCV  
  53  4:24  Marine x2  
  53  4:25  Barracks  
  53  4:28  Barracks  
  55  4:32  Refinery  
  55  4:33  SCV  
  55  4:35  Banshee  
  59  4:42  Supply Depot, Siege Tank  
  62  4:49  Engineering Bay  
  62  4:53  Refinery  
  62  5:00  Supply Depot  
  62  5:03  Barracks Tech Lab  
  62  5:04  SCV x2  
  64  5:16  Marine x2, SCV x2  
  65  5:23  Marine  
  65  5:27  Stimpack, Starport Reactor  
  65  5:28  SCV x2  
  68  5:33  Barracks  
  68  5:34  Barracks  
  63  5:40  Barracks Tech Lab, SCV x2  
  63  5:41  Marine  
  63  5:42  Siege Tank  
  67  5:46  Marine x2  
  67  5:49  Terran Infantry Weapons Level 1  
  69  5:52  SCV x2  
  71  5:58  Supply Depot  
  71  5:59  Supply Depot x2, Marine  
  72  6:04  SCV x2  
  72  6:05  Marine  
  72  6:06  Marine  
  72  6:07  Marine  
  72  6:08  Combat Shields  
  77  6:17  Marine  
  78  6:23  Marine  
  78  6:24  Starport Reactor  
  78  6:25  Marine, Marauder  
  82  6:31  Siege Tank  
  82  6:32  Marine x2  
  87  6:34  Marine  
  87  6:35  Supply Depot  
  88  6:43  Marine x2, Marauder  
  88  6:44  Concussive Shells  
  92  6:50  Marine, Missile Turret  
  92  6:52  Marauder  
  95  6:54  Missile Turret  
  95  6:55  Marauder  
  95  6:59  Marine  
  95  7:02  Medivac x2  
  95  7:06  Siege Tank  
  95  7:07  Marine  
  103  7:09  Marine x2  
  103  7:12  Marine  
  103  7:13  Marine  
  107  7:18  Marauder  
  107  7:22  Supply Depot, Marine  
  110  7:23  Supply Depot  
  110  7:25  Marine  
  110  7:26  Marine  
  112  7:30  Marauder  
  112  7:31  Marauder  
  112  7:33  Medivac x2  
  120  7:38  Marine  
  120  7:41  Siege Tank  
  120  7:42  Marauder  
  120  7:43  Marine  
  127  7:47  Marine x2  
  129  7:51  Marine  
  128  7:59  Marauder  
  128  8:00  Marine  
  128  8:04  Marauder  
  128  8:05  Terran Infantry Armor Level 1  
  131  8:07  Marine x2  
  131  8:08  Marine  
  131  8:09  Marine  
  135  8:18  Liberator  
  135  8:20  Marauder  
  135  8:21  Marine  
  135  8:26  Command Center  
  138  8:30  Marauder  
  138  8:32  Marine x2  
  138  8:33  Marine, Marauder  
  145  8:43  Marine x2  
  147  8:50  Marine  
  147  8:58  Marauder  
  132  9:12  Marine x3  
  132  9:13  Marine  
  96  9:25  Marauder  
  96  9:30  Marine x3  
  96  9:31  Marine  
  96  9:36  Bunker  
  95  9:50  Marauder  
  76  9:54  Marine x2  
  76  9:55  Marauder  
  76  10:02  Marauder, Marine  
  79  10:12  Marauder, Marine  
  66  10:16  Marine  
Show
View Real Time Build Order
Export as new Build Order

Zest Protoss - Winner!

Build Orders: 1 Gate Expand, Oracle Opening 

Get SALT Encoding   

  12  0:00  Probe  
  13  0:12  Probe  
  14  0:17  Pylon  
  14  0:23  Probe  
  15  0:31  Probe  
  15  0:36  Gateway  
  15  0:39  Probe  
  16  0:46  Assimilator  
  17  0:51  Probe  
  18  1:03  Probe  
  19  1:15  Probe  
  20  1:23  Nexus  
  20  1:32  Cybernetics Core  
  20  1:36  Probe  
  21  1:41  Assimilator  
  21  1:48  Probe  
  21  1:51  Pylon  
  22  2:00  Adept, Probe  
  23  2:13  Stargate  
  23  2:14  Probe  
  26  2:18  Adept  
  26  2:23  Warp Gate  
  26  2:29  Probe  
  29  2:36  Probe  
  30  2:41  Probe  
  31  2:46  Oracle  
  31  2:48  Probe  
  32  2:54  Probe  
  36  3:00  Adept, Probe  
  36  3:04  Pylon  
  39  3:06  Probe  
  39  3:12  Probe  
  41  3:17  Oracle  
  41  3:18  Probe  
  42  3:24  Probe  
  43  3:31  Probe  
  47  3:34  Gateway  
  47  3:35  Gateway  
  47  3:36  Probe  
  47  3:39  Pylon  
  48  3:43  Probe  
  48  3:44  Probe  
  49  3:51  Pylon  
  49  3:52  Probe  
  49  3:55  Probe  
  52  4:02  Probe  
  52  4:05  Oracle  
  53  4:13  Nexus  
  53  4:15  Probe x2  
  52  4:24  Shield Battery  
  52  4:28  Assimilator  
  52  4:31  Assimilator  
  52  4:35  Shield Battery  
  52  4:38  Phoenix  
  52  4:39  Adept x3  
  60  4:45  Probe  
  60  4:46  Probe  
  60  4:48  Robotics Facility  
  62  4:59  Probe x2  
  64  5:03  Pylon  
  64  5:06  Twilight Council  
  64  5:07  Forge  
  64  5:11  Probe x2, Protoss Ground Weapons Level 1  
  66  5:17  Blink  
  66  5:25  Oracle  
  66  5:27  Probe x2  
  70  5:36  Observer  
  71  5:45  Probe  
  71  5:46  Probe  
  73  5:51  Gateway  
  73  5:52  Gateway  
  73  5:53  Gateway  
  73  5:57  Gateway  
  73  6:00  Gateway, Probe x3  
  73  6:02  Shield Battery  
  73  6:03  Pylon  
  76  6:06  Sentry x2  
  76  6:09  Warp Prism  
  82  6:16  Probe x3  
  85  6:19  Pylon  
  85  6:20  Sentry  
  85  6:21  Pylon  
  87  6:34  Probe x2  
  87  6:38  Immortal  
  89  6:42  Pylon  
  89  6:44  Probe  
  89  6:45  Assimilator  
  89  6:46  Probe  
  90  6:49  Assimilator  
  93  6:55  Probe  
  93  6:59  Stalker x3  
  93  7:00  Stalker x4  
  108  7:15  Protoss Ground Weapons Level 2, Charge  
  108  7:17  Immortal  
  108  7:21  Probe x2  
  114  7:25  Pylon  
  114  7:26  Colossus, Pylon  
  114  7:33  Zealot x3  
  114  7:34  Zealot  
  122  7:43  Robotics Bay  
  122  7:45  Robotics Facility  
  122  7:47  Pylon  
  122  7:49  Pylon  
  122  7:54  Immortal  
  126  8:09  Zealot x8  
  142  8:23  Disruptor x2  
  142  8:28  Pylon  
  142  8:30  Pylon  
  148  8:40  Zealot x4  
  156  8:56  Pylon  
  156  8:57  Zealot x3, Pylon  
  156  8:58  Zealot  
  156  9:02  Disruptor x2  
  128  9:19  Zealot  
  128  9:20  Zealot x7  
  112  9:35  Disruptor x2  
  112  9:40  Zealot x6  
  112  9:41  Zealot  
  132  9:55  Stalker  
  134  10:01  Stalker x2, Zealot x2  
  134  10:02  Zealot x2  
  134  10:03  Zealot  
  124  10:20  Zealot  
  106  10:33  Zealot x7  
Tags
 
Add a new tag
Caveats
  • Supply blocks, unpowered buildings, or Contaminate may cause inaccurate times.
  • Supply counts are checked every 10 seconds.